Map: Romanticide LE

Players

theFISH - Winner!

  • Race: Zerg Zerg

Jaedolph

  • Race: Terran Terran
  • League: Master

VOD

Have the link to the VOD?

Description

Time

  • Played on: Sept. 25, 2021, 1:59 a.m.
  • Length: 15:14
Show
View Real Time Build Order
Export as new Build Order

theFISH Zerg - Winner!

Build Orders: Hatch First, Lurkers, Muta Ling Bane 

Get SALT Encoding   

  12  0:02  Drone  
  13  0:12  Overlord  
  13  0:31  Drone x3  
  16  0:49  Hatchery  
  15  0:57  Drone x2  
  17  1:03  Drone  
  18  1:16  Extractor  
  18  1:17  Spawning Pool  
  16  1:18  Drone  
  16  1:24  Drone  
  18  1:35  Drone  
  19  1:47  Drone  
  20  1:56  Drone  
  21  2:04  Queen x2  
  21  2:05  Zergling x2  
  21  2:08  Zergling x2  
  27  2:17  Drone  
  27  2:18  Overlord  
  28  2:30  Spore Crawler  
  28  2:38  Drone x3  
  31  3:02  Drone x4  
  31  3:03  Drone  
  36  3:10  Extractor  
  36  3:11  Extractor x2, Queen x2, Spore Crawler  
  36  3:15  Overlord x3  
  40  3:31  Metabolic Boost  
  40  3:36  Drone x6  
  46  3:45  Extractor  
  45  3:51  Drone x2  
  45  3:53  Lair  
  47  3:56  Extractor  
  47  3:57  Extractor  
  47  4:01  Baneling Nest  
  44  4:05  Drone x2  
  44  4:09  Drone x2  
  48  4:10  Hatchery  
  44  4:25  Zergling x12  
  44  4:26  Drone x2  
  49  4:44  Drone x3  
  47  4:48  Drone  
  47  4:52  Spore Crawler  
  47  4:55  Spore Crawler  
  46  5:07  Spire  
  46  5:13  Overseer  
  45  5:21  Drone x6  
  45  5:28  Drone x4  
  55  5:31  Centrifical Hooks  
  55  5:49  Drone x5, Spore Crawler  
  59  5:56  Overlord  
  59  6:02  Drone x2  
  61  6:09  Overseer  
  61  6:24  Overlord x2  
  61  6:38  Mutalisk x2  
  65  6:43  Mutalisk  
  65  6:44  Mutalisk x4  
  75  6:54  Drone x2  
  75  6:55  Drone, Evolution Chamber x2  
  75  6:56  Drone x7, Hydralisk Den  
  81  7:16  Drone  
  81  7:18  Overlord x2  
  81  7:19  Overlord  
  81  7:22  Zerg Ground Armor Level 1, Zerg Missile Weapons Level 1  
  82  7:27  Infestation Pit  
  81  7:30  Drone  
  81  7:32  Extractor  
  81  7:33  Extractor  
  80  7:42  Hatchery  
  80  7:43  Overlord x2  
  84  7:44  Drone x6  
  84  7:48  Baneling  
  84  7:49  Baneling x5  
  85  7:57  Zergling x12  
  87  8:08  Mutalisk x2  
  87  8:09  Mutalisk x2  
  89  8:14  Drone x6  
  94  8:33  Hydralisk x5  
  102  8:59  Hive  
  102  9:01  Drone  
  102  9:02  Drone x10, Lurker Den  
  112  9:07  Drone x4  
  116  9:12  Grooved Spines  
  116  9:18  Zerg Missile Weapons Level 2  
  116  9:26  Overlord  
  116  9:27  Overlord x4  
  116  9:29  Hydralisk x5  
  126  9:41  Extractor x2  
  126  9:42  Zerg Ground Armor Level 2  
  126  9:44  Zergling x6  
  126  9:45  Overlord x3  
  127  9:51  Overlord  
  123  10:00  Mutalisk  
  125  10:11  Zergling x20  
  135  10:17  Seismic Spines  
  135  10:24  Muscular Augments  
  135  10:25  Nydus Network  
  134  10:38  Baneling x17  
  134  10:39  Baneling x2, Zergling x12  
  134  10:40  Zergling x12  
  141  10:53  Baneling x6  
  138  11:01  Zergling x18  
  144  11:09  Zergling x6  
  134  11:12  Lurker x4  
  134  11:18  Zergling x8  
  138  11:24  Hatchery  
  126  11:28  Zergling x8  
  117  11:35  Zergling x4  
  102  11:42  Hydralisk x2  
  105  11:47  Queen  
  105  11:48  Zergling x2  
  105  11:49  Zergling x6  
  105  11:50  Baneling  
  105  11:51  Baneling x5, Hydralisk x3  
  117  11:54  Hydralisk  
  117  11:58  Adaptive Talons  
  117  11:59  Hydralisk  
  117  12:00  Hydralisk x2  
  125  12:12  Baneling x4, Hydralisk x4  
  133  12:15  Lurker  
  133  12:16  Lurker  
  135  12:31  Queen  
  135  12:36  Lurker x7, Unknown  
  139  12:49  Lurker  
  140  12:58  Lurker x3  
  143  13:14  Drone x3  
  143  13:15  Zergling x2  
  143  13:16  Zergling x46  
  170  13:26  Hatchery  
  169  13:28  Hydralisk x7  
  183  13:37  Hydralisk x3  
  183  13:39  Overlord x3  
  189  13:49  Nydus Canal  
  189  13:54  Hydralisk  
  189  13:55  Hydralisk x4  
  184  14:03  Lurker x2  
  184  14:04  Lurker  
  170  14:25  Hydralisk  
  170  14:26  Hydralisk x10  
  180  14:42  Hydralisk x5  
  180  14:43  Hydralisk x3  
  180  14:45  Drone x5  
  199  14:52  Spore Crawler  
  198  14:59  Drone x4  
  200  15:02  Lurker x3  
  200  15:03  Lurker  
Show
View Real Time Build Order
Export as new Build Order

Jaedolph Terran 

Build Orders: Reaper Expand 

Get SALT Encoding   

  12  0:00  SCV  
  13  0:12  SCV  
  14  0:17  Supply Depot  
  14  0:24  SCV  
  15  0:38  SCV  
  15  0:39  Barracks  
  16  0:44  Refinery  
  16  0:50  SCV  
  17  1:03  SCV  
  18  1:15  SCV  
  19  1:27  Orbital Command, Reaper  
  20  1:41  Command Center  
  20  1:49  Supply Depot  
  20  1:53  SCV  
  21  1:59  Marine  
  22  2:05  SCV  
  23  2:13  Factory  
  23  2:14  Refinery  
  23  2:18  SCV  
  23  2:20  Barracks Reactor  
  24  2:30  SCV  
  25  2:42  SCV  
  26  2:58  SCV  
  27  3:02  Starport  
  27  3:06  Barracks Tech Lab  
  27  3:07  Hellion x2  
  27  3:09  Orbital Command  
  27  3:10  SCV  
  32  3:20  Bunker  
  32  3:22  SCV  
  33  3:33  Hellion x2, Marine  
  39  3:34  SCV  
  39  3:42  SCV  
  39  3:46  SCV  
  41  3:53  Supply Depot  
  41  3:54  SCV  
  42  3:56  Supply Depot  
  42  4:03  Banshee, Cloaking Field  
  45  4:11  SCV  
  46  4:17  Factory Tech Lab  
  46  4:36  SCV x2  
  46  4:38  Marine, Engineering Bay, Siege Tank  
  43  4:39  Marine  
  43  4:45  Supply Depot  
  44  4:48  SCV x2, Supply Depot, Command Center  
  44  4:49  Banshee  
  49  4:57  Marine x2  
  51  5:00  SCV x2  
  51  5:04  Supply Depot, Terran Infantry Weapons Level 1  
  53  5:08  Missile Turret  
  53  5:12  SCV x2  
  55  5:15  Siege Tank  
  58  5:24  SCV, Marine x2  
  58  5:25  Supply Depot, SCV  
  62  5:36  Barracks  
  62  5:38  Barracks  
  62  5:41  SCV  
  62  5:42  SCV  
  64  5:56  SCV x2  
  66  6:02  Orbital Command  
  66  6:07  Refinery, Engineering Bay  
  66  6:08  Starport Reactor, Refinery  
  63  6:15  SCV  
  63  6:17  SCV  
  65  6:20  Supply Depot, Stimpack, Marine  
  65  6:23  Missile Turret  
  66  6:25  Missile Turret  
  66  6:27  SCV  
  66  6:28  Barracks Reactor  
  66  6:29  Barracks  
  66  6:30  SCV  
  68  6:36  Orbital Command, Barracks  
  68  6:39  SCV  
  69  6:45  Medivac x2  
  75  6:47  Widow Mine  
  75  6:55  SCV  
  76  7:09  Marine x3  
  76  7:10  Missile Turret, Widow Mine, Marine  
  79  7:16  SCV x2  
  79  7:19  Missile Turret  
  82  7:24  Barracks Reactor x2  
  82  7:28  SCV  
  82  7:30  SCV x2  
  82  7:33  Terran Infantry Armor Level 1  
  82  7:36  Marine x4  
  82  7:37  Armory, Marine  
  88  7:39  Widow Mine  
  88  7:40  SCV  
  88  7:42  SCV x2  
  94  7:52  SCV  
  94  7:54  Marine x2  
  92  8:10  SCV x3  
  92  8:11  Marine x3  
  92  8:12  Marine x6  
  100  8:16  Command Center  
  100  8:22  Refinery, SCV x3  
  100  8:24  Supply Depot  
  100  8:25  Supply Depot  
  100  8:26  Barracks  
  103  8:28  Barracks  
  103  8:29  Marine x3, Barracks  
  103  8:31  Factory  
  103  8:33  Marine  
  103  8:34  SCV x3, Marine x5  
  93  8:36  Medivac x2, Widow Mine  
  93  8:39  Terran Infantry Weapons Level 2  
  93  8:40  Terran Vehicle And Ship Armor Level 1  
  106  8:46  SCV x3  
  106  8:47  Marine x3  
  112  8:54  Marine  
  112  8:55  Marine x5  
  114  8:58  SCV x3  
  114  9:01  Supply Depot  
  114  9:02  Supply Depot  
  117  9:04  Marine x2  
  117  9:05  Marine  
  117  9:06  Missile Turret  
  120  9:10  Refinery, SCV x3  
  120  9:12  Marine x4  
  120  9:13  Medivac x2, Widow Mine  
  120  9:14  Factory Reactor  
  120  9:16  Barracks Reactor  
  120  9:17  Barracks Reactor  
  133  9:19  Barracks Tech Lab x3  
  133  9:23  Marine x3  
  136  9:29  Combat Shield  
  136  9:35  Marine x2  
  136  9:37  Marine x3  
  139  9:41  Marauder x4  
  147  9:52  Marine x3  
  148  9:53  Terran Infantry Armor Level 2, Marine  
  148  10:02  Marauder x3  
  148  10:03  Marauder  
  148  10:07  Planetary Fortress  
  156  10:12  Missile Turret x2  
  156  10:16  Marine x4  
  160  10:23  Marauder  
  160  10:25  Supply Depot  
  160  10:26  Supply Depot  
  160  10:27  Marine x2  
  160  10:28  Marauder x3, Marine x2  
  172  10:31  Supply Depot  
  172  10:32  Supply Depot  
  172  10:47  Marauder, Marine x3  
  172  10:49  Marauder  
  183  10:50  Marauder x2  
  174  11:09  Marauder  
  174  11:10  Marine x2  
  174  11:11  Marauder x3, Marine x6  
  150  11:28  Marine x5, Terran Vehicle And Ship Armor Level 2, Terran Infantry Weapons Level 3  
  150  11:29  Marine x3  
  150  11:30  Marauder, Refinery  
  150  11:32  Marauder x2  
  161  11:33  Marauder  
  161  11:37  Command Center  
  127  11:46  Marine x4  
  127  11:47  Widow Mine x2  
  135  11:49  Liberator x2, Starport  
  135  11:50  SCV, Starport  
  135  11:51  Marauder  
  135  11:54  Marauder x2  
  148  12:06  Marauder, Marine  
  148  12:07  Marine x7  
  158  12:13  Marauder  
  158  12:15  Marauder, Marine  
  163  12:24  Marine x3  
  166  12:30  Starport Reactor  
  166  12:31  Starport Reactor  
  166  12:33  Liberator x2  
  166  12:36  Marauder x4, Fusion Core, Marine  
  181  12:44  Sensor Tower  
  181  12:45  Command Center  
  181  12:57  Marauder  
  179  13:06  Ghost Academy  
  179  13:08  Medivac x3  
  179  13:09  Medivac  
  187  13:15  Missile Turret  
  187  13:16  Marauder x3, Marine x2  
  187  13:17  Missile Turret, Marine  
  187  13:18  Marauder  
  198  13:33  Advanced Ballistics  
  198  13:37  Personal Cloaking  
  198  13:39  Planetary Fortress  
  198  13:45  Medivac  
  174  14:08  Marauder x3, Marine x2  
  174  14:09  Marauder  
  152  14:58  Barracks  
  158  15:00  Barracks  
  158  15:06  Starport Reactor  
Tags
 
Add a new tag
Caveats
  • Supply blocks, unpowered buildings, or Contaminate may cause inaccurate times.
  • Supply counts are checked every 10 seconds.